 Dungeon Crawl Stone Soup version 0.28.0-43-g3370ac3207 (webtiles) character file.

Game seed: 6782558984916123231

602 boopmooplesden the Skirmisher (level 7, -2/62 HPs)
             Began as a Minotaur Berserker on Mar 29, 2022.
             Was a Believer of Trog.
             Killed from afar by Dowan (18 damage)
             ... with a stone arrow
             ... on level 4 of the Dungeon.
             The game lasted 00:06:27 (3985 turns).

boopmooplesden the Skirmisher (Minotaur Berserker)  Turns: 3985, Time: 00:06:28

Health: -2/62      AC:  8    Str: 21    XL:     7   Next: 18%
Magic:  6/6        EV: 12    Int:  4    God:    Trog [**....]
Gold:   124        SH:  0    Dex: 14    Spells: 6/6 levels left

rFire   . . .      SeeInvis .   a - +6 mace of Beuste {holy, rPois Dex+2}
rCold   . . .      Faith    .   (no shield)
rNeg    . . .      Spirit   .   k - +0 ring mail
rPois   +          Reflect  .   s - +1 hat
rElec   .          Harm     .   q - +0 cloak
rCorr   .          Rampage  .   (no gloves)
Will    .....                   (no boots)
Stlth   +.........              (no amulet)
HPRegen 0.20/turn               (no ring)
MPRegen 0.10/turn               (no ring)

@: lethally poisoned (-2 -> -4), lit by a corona, on berserk cooldown, slowed,
glowing, very slow
A: horns 2, retaliatory headbutt
a: Renounce Religion, Berserk, Trog's Hand


You were on level 4 of the Dungeon.
You worshipped Trog.
Trog was pleased with you.
You visited 1 branch of the dungeon, and saw 4 of its levels.

You collected 124 gold pieces.

Inventory:

Hand Weapons
 a - the +6 mace of Beuste (weapon) {holy, rPois Dex+2}
   (You found it on level 3 of the Dungeon)

   It has been blessed by the Shining One to cause great damage to the undead
   and demons.
   Dex:       It affects your dexterity (+2).
   rPois:     It protects you from poison.
 b - a +0 hunting sling
 r - a +0 hand axe
 u - a +0 short sword
Missiles
 h - 74 stones (quivered)
 v - 6 curare-tipped darts
Armour
 k - a +0 ring mail (worn)
 n - a +0 animal skin
 q - a +0 cloak (worn)
 s - a +1 hat (worn)
Jewellery
 l - an amulet of magic regeneration
Wands
 t - a wand of paralysis (7)
Scrolls
 c - 2 scrolls of identify {unknown}
 d - a scroll of vulnerability {unknown}
 j - a scroll of summoning {unknown}
 m - a scroll of teleportation
 o - a scroll of holy word {unknown}
Potions
 e - a potion of magic {unknown}
 f - a potion of berserk rage {unknown}
 g - a potion of lignification {unknown}
 i - a potion of heal wounds {unknown}
 p - a potion of brilliance {unknown}


   Skills:
 + Level 5.8 Fighting
 + Level 5.0(5.4) Axes
 + Level 3.0(4.4) Maces & Flails
 + Level 3.5 Slings
 + Level 4.1 Armour
 + Level 3.2 Dodging
 + Level 1.4 Stealth


You had 6 spell levels left.
You didn't know any spells.
Your spell library was empty.

Dungeon Overview and Level Annotations

Branches:
Dungeon (4/15)
 Temple: D:4-7

Altars:

Shops:
D:1 ?

Annotations:
D:4 Dowan


Innate Abilities, Weirdness & Mutations

You have a pair of horns on your head.
You reflexively headbutt those who attack you in melee.


Message History

Duvessa is moderately wounded.
You sock Duvessa! You headbutt Duvessa!
Duvessa is almost dead.
You feel sick.
You feel sick.
Duvessa hits you with a +2 short sword of venom.
You are more poisoned.
You feel a strong urge to attack something.
You feel sick.
Dowan points at you and mumbles some strange words.
You are outlined in light.
You are no longer berserk.
You are exhausted.
You feel yourself slow down.
You feel sick. Duvessa closely misses you. You furiously retaliate!
You headbutt Duvessa. You hit Duvessa but do no damage.
Duvessa is almost dead.
You feel very sick. Duvessa closely misses you.
Dowan hits you with a +0 dagger.
Duvessa hits you with a +2 short sword of venom!
Dowan hits you but does no damage.
You hit Duvessa.
You kill Duvessa!
Trog accepts your kill.
Dowan seems overcome with grief.
Dowan seems to find hidden reserves of power!
You feel sick. Dowan casts a spell at you. The shard of ice hits you!
* * * LOW HITPOINT WARNING * * *
Dowan hits you but does no damage.
Your base Maces & Flails skill increases to level 3!
Your Armour skill increases to level 4!
You have reached level 7!
You sock Dowan! Your headbutt misses Dowan.
Dowan is heavily wounded.
You feel sick. Dowan gestures at you while chanting. The stone arrow hits you!!
You die...

..#.###
#..........##.g...
......
..)...........g...
#####..###...........
..$. #.## #.##.... ..#
....##
######..........#
.#....#. .......#
......
.......###รท)..###..o..
#
##.#.....<....##....#<.
#.....e@)[)............
..........()..........
#.......##)##)..#.....
#...........)...#.###.
...#...#$#####.....##.#
...###..) #.#(.....# .#
#....# #....#.....#
$..#. #....#.....# ....
#....#.......


You could see Dowan (fast).

Vanquished Creatures
  Menkaure (D:4)
  Duvessa (D:4)
  A kobold brigand (D:3)
  The ghost of gzilladon the Chopper, a weakling HOMo (D:3)
  Crazy Yiuf (D:3)
  A hound (D:4)
  10 gnolls
  An adder (D:2)
  An adder skeleton (D:4)
  A worm (D:3)
  2 dart slugs (D:2)
  7 orcs
  5 bats
  9 endoplasms
  3 giant cockroaches
  8 goblins
  11 hobgoblins
  14 kobolds
  5 quokkas
  7 ball pythons
  A frilled lizard (D:3)
  3 rats (D:1)
94 creatures vanquished.

Vanquished Creatures (others)
  A fungus (D:3)
  3 plants (D:3)
4 creatures vanquished.

Grand Total: 98 creatures vanquished

Notes
Turn   | Place    | Note
-------+----------+-------------------------------------------
     0 | D:1      | boopmooplesden the Minotaur Berserker began the quest for
                  | the Orb.
     0 | D:1      | Reached XP level 1. HP: 19/19 MP: 0/0
   260 | D:1      | Reached XP level 2. HP: 12/27 MP: 1/1
   539 | D:1      | Found a faded altar of an unknown god.
  1070 | D:1      | Found Fiamykk's Magic Scroll Shop.
  1186 | D:1      | Reached XP level 3. HP: 27/33 MP: 2/2
  1899 | D:2      | Reached XP level 4. HP: 16/40 MP: 3/3
  1976 | D:2      | Reached skill level 1 in Slings
  2587 | D:3      | Reached ** piety under Trog
  2770 | D:3      | Found a runed translucent gate.
  2770 | D:3      | Found a runed translucent gate.
  2770 | D:3      | Found a runed translucent gate.
  2771 | D:3      | Noticed a kobold brigand
  2772 | D:3      | Noticed gzilladon's ghost (weakling HOMo)
  2867 | D:3      | Found a runed translucent door.
  2868 | D:3      | Noticed Crazy Yiuf
  2879 | D:3      | Killed Crazy Yiuf
  2880 | D:3      | Reached XP level 5. HP: 44/47 MP: 4/4
  2885 | D:3      | Identified the +6 mace of Beuste {holy, rPois Dex+2}
  3173 | D:3      | Killed gzilladon's ghost
  3174 | D:3      | Reached skill level 5 in Axes
  3279 | D:4      | Reached XP level 6. HP: 55/55 MP: 5/5
  3309 | D:4      | Reached skill level 5 in Fighting
  3329 | D:4      | Noticed Menkaure
  3376 | D:4      | Reached skill level 1 in Stealth
  3382 | D:4      | Reached skill level 1 in Maces & Flails
  3757 | D:4      | Noticed Dowan
  3758 | D:4      | Noticed Duvessa
  3759 | D:4      | Killed Menkaure
  3984 | D:4      | Killed Duvessa
  3985 | D:4      | Reached XP level 7. HP: 18/62 MP: 6/6
  3985 | D:4      | Killed from afar by Dowan

Illustrated notes

Levels and vault maps discovered:
D:1:      wander_arrival_estate, layout_basic, serial_shops,
          nicolae_lakefront_shop, hellmonk_ecumenical_altar_zigzags,
          st_stairs_5, hangedman_glass_teeth
D:2:      layout_loops_ring
D:3:      layout_rooms, gammafunk_ghost_nasty_kobolds, serial_bayou_lagoon_a,
          uniq_crazy_yiuf_cottage
D:4:      layout_rooms, ashenzari_conservatory_becter, uniq_pikel, uniq_edmund,
          uniq_menkaure, uniq_duvessa

Skill      XL: |  1  2  3  4  5  6 |
---------------+-------------------+-----
Axes           | 4 5 |  5.0
Fighting       | 4 5 |  5.8
Slings         | 2 3 |  3.5
Dodging        | 3 |  3.2
Armour         | 3 4 |  4.1
Stealth        | 1 |  1.4
Maces & Flails | 3 |  3.0

Action                   |  1- 3 |  4- 6 |  7- 9 || total
-------------------------+-------+-------+-------++-------
Melee: Hand axe          |    63 |    16 |       ||    79
       Headbutt          |     6 |    14 |       ||    20
       Mace              |       |    56 |     1 ||    57
 Fire: Hunting sling     |    19 |    31 |       ||    50
Invok: Berserk           |     1 |     4 |       ||     5
  Use: Scroll            |       |     1 |       ||     1
 Stab: Sleeping          |     1 |       |       ||     1
       Invisible         |       |     1 |       ||     1
Armor: Animal skin       |    17 |       |       ||    17
       Ring mail         |       |    33 |       ||    33
Dodge: Dodged            |    55 |    56 |       ||   111
